 Dungeon Crawl Stone Soup version 0.31-a0-656-gb4d89c20fa (webtiles) character file.

Game seed: 8478684474002128114

170 Dittersdorf the Covered (level 5, -1/34 HPs)
             Began as a Gargoyle Fighter on Aug 30, 2023.
             Killed by nerve-wracking pain
             ... invoked by Grinder
              (4 damage)
             ... on level 3 of the Dungeon.
             The game lasted 00:03:11 (1678 turns).

Dittersdorf the Covered (Gargoyle Fighter)          Turns: 1678, Time: 00:03:11

Health: -1/34      AC: 14    Str: 22    XL:     5   Next: 51%
Magic:  5/5        EV:  9    Int:  8    God:
Gold:   94         SH:  5    Dex: 15    Spells: 4/4 levels left

rFire   . . .        a - +0 flail
rCold   + . .        c - +0 buckler
rNeg    + . .        b - +0 scale mail
rPois   ∞            p - +0 helmet
rElec   +            (no cloak)
rCorr   .            k - +0 pair of gloves
SInv    .            w - +0 pair of boots
Will    .....        s - amulet of faith Stlth
                     y - ring of protection from cold
HPRegen 0.25/turn    t - +6 ring of dexterity
MPRegen 0.09/turn

%: faith
@: no status effects
A: sickness immunity, AC +4, negative energy resistance 1, electricity
resistance, torment resistance 1, petrification resistance
a: no special abilities


You were on level 3 of the Dungeon.
You visited 1 branch of the dungeon, and saw 3 of its levels.

You collected 94 gold pieces.

Inventory:

Hand Weapons
 a - a +0 flail (weapon)
Missiles
 m - 2 throwing nets
Armour
 b - a +0 scale mail (worn)
 c - a +0 buckler (worn)
 k - a +0 pair of gloves (worn)
 p - a +0 helmet (worn)
 w - a +0 pair of boots (worn)
Jewellery
 e - a +6 ring of intelligence
 s - an amulet of faith (around neck)
 t - a +6 ring of dexterity (right hand)
 y - a ring of protection from cold (left hand)
Scrolls
 f - 2 scrolls of poison {unknown}
 h - a scroll of enchant armour {unknown}
 j - a scroll of fog {unknown}
 l - 2 scrolls of identify {unknown}
 o - a scroll of blinking {unknown}
 r - a scroll of revelation {unknown}
 u - a scroll of acquirement {unknown}
 z - a scroll of vulnerability {unknown}
Potions
 d - a potion of might
 g - 3 potions of enlightenment {unknown}
 i - 2 potions of curing {unknown}
 n - a potion of heal wounds {unknown}
 q - a potion of attraction {unknown}
 v - 2 potions of brilliance {unknown}
 x - a potion of lignification {unknown}


   Skills:
 + Level 4.3 Fighting
 + Level 3.1 Maces & Flails
 + Level 4.3 Armour
 + Level 4.3 Shields


You had 4 spell levels left.
You didn't know any spells.
Your spell library was empty.

Dungeon Overview and Level Annotations

Branches:
Dungeon (3/15)

Altars:
Nemelex Xobeh
Ru

Annotations:
D:3 Grinder


Innate Abilities, Weirdness & Mutations

You are immune to sickness and miasma.
Your stone body is resilient. (AC +4)
You are immune to poison.
You resist negative energy. (rN+)
You are resistant to electric shocks. (rElec)
You are resistant to unholy torment.
You are immune to petrification.


Message History

* * * LOW HITPOINT WARNING * * *
Grinder barely misses you.
You barely miss Grinder.
Grinder is severely wounded.
Grinder hits you but does no damage.
You barely miss Grinder.
Grinder is severely wounded.
Grinder gestures at you.
You suddenly lose the ability to move!
Grinder hits you.
* * * LOW HITPOINT WARNING * * *
You writhe in agony.
* * * LOW HITPOINT WARNING * * *
You can move again.
You barely miss Grinder.
Grinder is severely wounded.
Grinder blinks!
You see here an adder corpse.
You closely miss Grinder.
Grinder is severely wounded.
Grinder misses you. Grinder barely misses you.
You hit Grinder but do no damage.
Grinder is severely wounded.
Grinder barely misses you.
You hit Grinder.
Grinder is severely wounded.
Grinder misses you.
You barely miss Grinder.
Grinder is severely wounded.
You block Grinder's attack.
You hit Grinder.
Grinder is almost dead.
Grinder hits you.
* * * LOW HITPOINT WARNING * * *
You writhe in agony.
* * * LOW HITPOINT WARNING * * *
Grinder gestures at you. Pain shoots through your body!
You die...
Grinder says, "Now the real fun starts!"

###[#####)#.##)###
#.# #.#.##...#
###.# #.#.####.#
....# #...# #.#
+#######+ ###.#
##### #.# #...#...#
#.# #.# #...#...#
#.. #.# #.......#
#.# ###._.### #@#
###.......### #5#
#.#...#...#.# ##.##
#.#...#..5#.#
#...###.5#######'.#
###.#
#.....#...#....#
#....# ....#
#.###...#...####
#....# #####
##.##.### ##..##
#.. #.# #.## #..
... #.#


You could see Grinder.

Vanquished Creatures
  An orc wizard (D:3)
  4 gnolls
  5 adders
  2 worms
  2 dart slugs
  An orc (D:3)
  4 bats
  4 endoplasms
  6 giant cockroaches
  5 goblins
  3 hobgoblins
  5 kobolds
  5 quokkas
  2 ball pythons (D:3)
  A frilled lizard (D:2)
  3 rats (D:2)
53 creatures vanquished.

Notes
Turn   | Place    | Note
-------+----------+-------------------------------------------
     0 | D:1      | Dittersdorf the Gargoyle Fighter began the quest for the
                  | Orb.
     0 | D:1      | Reached XP level 1. HP: 14/14 MP: 1/1
   103 | D:1      | Reached XP level 2. HP: 18/19 MP: 2/2
   224 | D:1      | Found a faded altar of an unknown god.
   656 | D:2      | Found a sparkling altar of Nemelex Xobeh.
   663 | D:2      | Reached XP level 3. HP: 20/23 MP: 3/3
   877 | D:2      | Reached XP level 4. HP: 29/29 MP: 4/4
  1266 | D:3      | Reached XP level 5. HP: 33/33 MP: 5/5
  1390 | D:3      | Found a sacrificial altar of Ru.
  1576 | D:3      | Noticed Grinder
  1584 | D:3      | Paralysed by Grinder for 4 turns
  1638 | D:3      | Paralysed by Grinder for 4 turns
  1653 | D:3      | Paralysed by Grinder for 5 turns
  1670 | D:3      | Paralysed by Grinder for 2 turns
  1678 | D:3      | Killed from afar by Grinder

Illustrated notes

Levels and vault maps discovered:
D:1:      tarquinn_simple_flora_water_c, layout_basic,
          shapermc_ecumenical_altar_notcrosses
D:2:      layout_rooms, basic_altar, minmay_tromino_v4_c
D:3:      minmay_roachtagon, layout_loops_ring, mainiacjoe_overflow_chevrons,
          nicolae_ru_great_annihilating_truth, minmay_unequal, uniq_grinder

Skill      XL: |  1  2  3  4 |
---------------+-------------+-----
Fighting       | 4 |  4.3
Armour         | 4 |  4.3
Shields        | 4 |  4.3
Maces & Flails | 3 |  3.1

Action                     |  1- 3 |  4- 6 || total
---------------------------+-------+-------++-------
  Melee: Flail             |   116 |   103 ||   219
   Stab: Paralysed         |       |     2 ||     2
 Armour: Scale mail        |    71 |    65 ||   136
  Dodge: Dodged            |    62 |    58 ||   120
  Block: Buckler           |    20 |    28 ||    48

Table legend: (Time is in decaauts)
 A = Elapsed time spent in this place.
 B = Non-inter-level travel time spent in this place.
 C = Inter-level travel time spent in this place.
 D = Time resting spent in this place.
 E = Time spent auto-exploring this place.
 F = Levels seen in this place.
 G = Mean time per level.
                   A        B        C        D        E       F      G
               +--------+--------+--------+--------+--------+-----+--------+
         Total |   1742 |   1659 |     83 |    177 |    899 |   3 |  580.7 |
       Dungeon |   1742 |   1659 |     83 |    177 |    899 |   3 |  580.7 |
               +--------+--------+--------+--------+--------+-----+--------+

Top non-repeatable levels by time:
     D:1: 748 daAuts
     D:2: 552 daAuts
     D:3: 442 daAuts
